[ AOE2 MATCH · #478530754 ]
UnrankedKoreans vs Shu
[ REPLAY ANALYSIS · EXTRACTED FROM THE RECORDED GAME ]
Feudal
11:06
Castle
19:55
Imperial
33:05
| APM avg | 28.2 |
| APM peak | 80 |
| eAPM avg | 17.7 |
| Villagers / military | 104 / 90 |
Focus
⚔️ 23.1% · 🌾 76.9%
Iron Pagoda ×45 · War Wagon ×42 · Trade Cart ×11 · Monk ×2 · Trebuchet (Packed) ×1
Feudal
12:52
Castle
23:47
Imperial
37:28
| APM avg | 22.3 |
| APM peak | 62 |
| eAPM avg | 11.9 |
| Villagers / military | 75 / 79 |
Focus
⚔️ 30.6% · 🌾 69.4%
Knight ×78 · Trade Cart ×9 · Monk ×1
Feudal
12:00
Castle
18:34
Imperial
30:57
| APM avg | 13.4 |
| APM peak | 27 |
| eAPM avg | 10.6 |
| Villagers / military | 89 / 127 |
Focus
⚔️ 27.4% · 🌾 72.6%
Unknown (1944) ×98 · Archer ×84 · Skirmisher ×36 · Unknown (1959) ×32 · Trade Cart ×14 · Petard ×6
Feudal
10:56
Castle
15:29
Imperial
41:19
| APM avg | 36.0 |
| APM peak | 102 |
| eAPM avg | 16.4 |
| Villagers / military | 119 / 290 |
Focus
⚔️ 33.3% · 🌾 66.7%
Skirmisher ×80 · Samurai ×57 · Archer ×45 · Trade Cart ×42 · Hand Cannoneer ×40 · Mangonel ×33
Match map
Initial resources + every placement click. Lines = walls · curves = elevation contours. ◆ gold · ⬟ stone · ● berries · ✦ relic · ◌ wall gap
Inputs per minute
— Margt56 - - Rodopoulakion
Build order — Margt56
First 150 of 357 actions detected
| 0:02 | Build | House |
| 0:03 | Build | House |
| 0:05 | Create | Villager (Male) |
| 0:05 | Create | Villager (Male) |
| 0:05 | Create | Villager (Male) |
| 0:05 | Create | Villager (Male) |
| 1:50 | Build | Lumber Camp |
| 1:53 | Create | Villager (Male) |
| 2:13 | Create | Villager (Male) |
| 2:50 | Create | Villager (Male) |
| 2:50 | Create | Villager (Male) |
| 2:50 | Create | Villager (Male) |
| 3:51 | Create | Villager (Male) |
| 3:52 | Create | Villager (Male) |
| 4:23 | Build | House |
| 4:25 | Build | House |
| 4:29 | Create | Villager (Male) |
| 4:53 | Build | Mill |
| 5:11 | Create | Villager (Male) |
| 5:26 | Create | Villager (Male) |
| 6:26 | Create | Villager (Male) |
| 6:26 | Create | Villager (Male) |
| 6:27 | Create | Villager (Male) |
| 6:27 | Create | Villager (Male) |
| 7:04 | Create | Villager (Male) |
| 7:25 | Create | Villager (Male) |
| 7:54 | Create | Villager (Male) |
| 8:54 | Research | Feudal Age |
| 8:54 | Research | Loom |
| 9:03 | Build | Mining Camp |
| 10:02 | Build | Farm |
| 10:02 | Build | Farm |
| 10:02 | Build | Farm |
| 10:23 | Build | Farm |
| 10:57 | Build | Barracks |
| 10:59 | Create | Villager (Male) |
| 11:01 | Create | Villager (Male) |
| 11:06 | Age | Feudal Age |
| 11:08 | Research | Double-Bit Axe |
| 11:13 | Research | Horse Collar |
| 11:59 | Build | House |
| 12:11 | Research | Wheelbarrow |
| 12:26 | Create | Villager (Male) |
| 12:28 | Create | Villager (Male) |
| 13:37 | Create | Villager (Male) |
| 13:37 | Create | Villager (Male) |
| 13:48 | Build | Blacksmith |
| 14:01 | Build | Market |
| 14:08 | Build | Farm |
| 14:11 | Create | Villager (Male) |
| 14:17 | Research | Gold Mining |
| 14:46 | Build | House |
| 14:47 | Build | House |
| 14:48 | Build | House |
| 15:04 | Build | Farm |
| 15:04 | Build | Farm |
| 15:05 | Build | Farm |
| 15:05 | Build | Farm |
| 15:34 | Build | Farm |
| 15:55 | Create | Villager (Male) |
| 16:12 | Build | Farm |
| 16:13 | Build | Farm |
| 16:22 | Build | House |
| 16:23 | Build | House |
| 16:57 | Build | Farm |
| 17:15 | Research | Castle Age |
| 17:27 | Build | House |
| 17:29 | Build | House |
| 17:57 | Research | Scale Barding Armor |
| 18:03 | Research | Fletching |
| 18:35 | Research | Stone Mining |
| 18:43 | Build | House |
| 18:50 | Build | House |
| 18:51 | Build | House |
| 19:55 | Age | Castle Age |
| 19:59 | Build | Town Center |
| 20:08 | Build | Town Center |
| 20:11 | Build | House |
| 20:12 | Build | House |
| 20:19 | Create | Villager (Male) |
| 20:19 | Create | Villager (Male) |
| 20:19 | Create | Villager (Male) |
| 20:19 | Create | Villager (Male) |
| 20:23 | Research | Hand Cart |
| 20:23 | Create | Villager (Male) |
| 20:24 | Create | Villager (Male) |
| 20:24 | Create | Villager (Male) |
| 20:24 | Create | Villager (Male) |
| 20:24 | Create | Villager (Male) |
| 20:30 | Research | Bow Saw |
| 21:16 | Build | House |
| 21:24 | Create | Villager (Male) |
| 21:29 | Research | Heavy Plow |
| 21:53 | Build | House |
| 21:53 | Build | House |
| 21:54 | Build | House |
| 21:54 | Build | House |
| 22:10 | Create | Villager (Male) |
| 22:10 | Create | Villager (Male) |
| 22:10 | Create | Villager (Male) |
| 22:10 | Create | Villager (Male) |
| 22:23 | Build | Farm |
| 22:23 | Build | Farm |
| 22:23 | Build | Farm |
| 22:28 | Create | Villager (Male) |
| 22:37 | Create | Villager (Male) |
| 22:53 | Build | Farm |
| 22:53 | Build | Farm |
| 22:54 | Build | Farm |
| 22:54 | Build | Farm |
| 22:56 | Create | Villager (Male) |
| 23:00 | Create | Villager (Male) |
| 23:00 | Create | Villager (Male) |
| 23:01 | Create | Villager (Male) |
| 23:09 | Build | Farm |
| 23:38 | Create | Villager (Male) |
| 23:38 | Create | Villager (Male) |
| 23:42 | Create | Villager (Male) |
| 23:49 | Create | Villager (Male) |
| 24:00 | Create | Trade Cart |
| 24:00 | Create | Trade Cart |
| 24:19 | Build | Monastery |
| 24:23 | Build | Farm |
| 24:23 | Build | Farm |
| 24:24 | Build | Farm |
| 24:30 | Build | Farm |
| 24:30 | Build | Farm |
| 24:31 | Build | Farm |
| 24:51 | Build | Farm |
| 25:06 | Create | Villager (Male) |
| 25:06 | Create | Villager (Male) |
| 25:07 | Create | Villager (Male) |
| 25:07 | Create | Villager (Male) |
| 25:07 | Create | Villager (Male) |
| 25:12 | Build | Farm |
| 25:17 | Research | Bodkin Arrow |
| 25:34 | Create | Monk |
| 25:40 | Create | Villager (Male) |
| 25:40 | Create | Villager (Male) |
| 25:40 | Create | Villager (Male) |
| 25:41 | Create | Villager (Male) |
| 25:41 | Create | Villager (Male) |
| 25:41 | Create | Villager (Male) |
| 25:42 | Create | Villager (Male) |
| 25:45 | Build | Farm |
| 25:45 | Build | Farm |
| 25:48 | Create | Villager (Male) |
| 25:48 | Create | Villager (Male) |
| 26:02 | Create | Villager (Male) |
| 26:03 | Create | Villager (Male) |
Build order — Rodopoulakion
First 150 of 317 actions detected
| 0:01 | Create | Villager (Male) |
| 0:01 | Create | Villager (Male) |
| 0:01 | Create | Villager (Male) |
| 0:02 | Create | Villager (Male) |
| 0:03 | Build | House |
| 0:04 | Build | House |
| 1:27 | Create | Villager (Male) |
| 2:10 | Build | Lumber Camp |
| 2:19 | Create | Villager (Male) |
| 2:44 | Create | Villager (Male) |
| 3:00 | Create | Villager (Male) |
| 3:17 | Create | Villager (Male) |
| 3:50 | Create | Villager (Male) |
| 4:03 | Build | House |
| 4:05 | Build | House |
| 4:27 | Create | Villager (Male) |
| 4:31 | Build | Mill |
| 4:55 | Create | Villager (Male) |
| 5:08 | Create | Villager (Male) |
| 5:49 | Create | Villager (Male) |
| 5:52 | Create | Villager (Male) |
| 5:53 | Create | Villager (Male) |
| 5:53 | Create | Villager (Male) |
| 7:07 | Create | Villager (Male) |
| 7:07 | Create | Villager (Male) |
| 7:08 | Create | Villager (Male) |
| 7:08 | Create | Villager (Male) |
| 7:09 | Create | Villager (Male) |
| 8:33 | Build | Mining Camp |
| 8:47 | Build | Palisade Wall |
| 8:57 | Create | Villager (Male) |
| 9:18 | Research | Loom |
| 9:29 | Build | Palisade Wall |
| 9:46 | Build | Farm |
| 9:49 | Build | Farm |
| 10:42 | Research | Feudal Age |
| 11:21 | Build | Outpost |
| 11:26 | Build | House |
| 11:27 | Build | House |
| 11:28 | Build | House |
| 11:38 | Build | Palisade Wall |
| 12:20 | Build | House |
| 12:21 | Build | House |
| 12:22 | Build | House |
| 12:52 | Create | Villager (Male) |
| 12:52 | Create | Villager (Male) |
| 12:52 | Age | Feudal Age |
| 12:53 | Create | Villager (Male) |
| 12:53 | Create | Villager (Male) |
| 12:53 | Create | Villager (Male) |
| 13:26 | Research | Horse Collar |
| 13:49 | Build | Lumber Camp |
| 13:57 | Build | Farm |
| 14:00 | Build | Farm |
| 14:05 | Research | Double-Bit Axe |
| 14:54 | Build | Barracks |
| 15:01 | Build | Farm |
| 15:04 | Create | Villager (Male) |
| 15:04 | Create | Villager (Male) |
| 15:04 | Create | Villager (Male) |
| 15:04 | Create | Villager (Male) |
| 15:27 | Build | Watch Tower |
| 15:37 | Build | Farm |
| 15:57 | Build | Farm |
| 16:10 | Build | Farm |
| 16:15 | Build | Farm |
| 16:18 | Build | Farm |
| 16:30 | Build | Mining Camp |
| 17:19 | Build | House |
| 17:45 | Build | Barracks |
| 17:50 | Create | Villager (Male) |
| 17:50 | Create | Villager (Male) |
| 17:50 | Create | Villager (Male) |
| 17:51 | Create | Villager (Male) |
| 17:51 | Create | Villager (Male) |
| 18:12 | Build | Mill |
| 18:13 | Build | Farm |
| 18:16 | Build | Farm |
| 18:30 | Build | Mining Camp |
| 18:59 | Build | Stable |
| 19:30 | Build | Market |
| 19:37 | Build | Farm |
| 20:03 | Build | Blacksmith |
| 20:42 | Create | Villager (Male) |
| 21:02 | Build | Farm |
| 21:04 | Research | Castle Age |
| 21:11 | Build | Farm |
| 21:18 | Research | Bloodlines |
| 21:41 | Build | Stone Wall |
| 22:11 | Build | Stone Wall |
| 22:26 | Create | Trade Cart |
| 22:27 | Create | Trade Cart |
| 22:27 | Create | Trade Cart |
| 22:27 | Create | Trade Cart |
| 22:27 | Create | Trade Cart |
| 23:47 | Age | Castle Age |
| 24:00 | Build | House |
| 24:00 | Build | House |
| 24:01 | Build | House |
| 24:04 | Build | House |
| 24:05 | Build | House |
| 24:12 | Create | Villager (Male) |
| 24:12 | Create | Villager (Male) |
| 24:24 | Build | Monastery |
| 24:28 | Build | Town Center |
| 25:03 | Create | Knight |
| 25:03 | Create | Knight |
| 25:03 | Create | Knight |
| 25:04 | Create | Knight |
| 25:04 | Create | Knight |
| 25:30 | Build | Watch Tower |
| 25:47 | Create | Villager (Male) |
| 25:48 | Create | Villager (Male) |
| 25:48 | Create | Villager (Male) |
| 25:48 | Create | Villager (Male) |
| 25:49 | Create | Villager (Male) |
| 25:49 | Create | Villager (Male) |
| 25:49 | Create | Villager (Male) |
| 25:49 | Create | Villager (Male) |
| 25:50 | Create | Villager (Male) |
| 25:50 | Create | Villager (Male) |
| 25:50 | Create | Villager (Male) |
| 25:50 | Research | Wheelbarrow |
| 26:33 | Build | Stone Wall |
| 26:37 | Build | Building 490 |
| 26:43 | Build | Monastery |
| 27:36 | Create | Monk |
| 27:51 | Build | House |
| 27:53 | Build | House |
| 28:10 | Build | Market |
| 29:24 | Build | Town Center |
| 29:50 | Build | Stone Wall |
| 30:01 | Build | House |
| 30:30 | Build | Watch Tower |
| 31:32 | Build | Mining Camp |
| 31:42 | Build | Lumber Camp |
| 32:05 | Build | Palisade Wall |
| 32:13 | Build | Building 796 |
| 32:23 | Create | Villager (Male) |
| 32:23 | Create | Villager (Male) |
| 32:23 | Create | Villager (Male) |
| 32:24 | Create | Villager (Male) |
| 32:27 | Research | Stone Mining |
| 32:29 | Research | Gold Mining |
| 32:34 | Create | Villager (Male) |
| 32:34 | Create | Villager (Male) |
| 32:37 | Build | House |
| 32:38 | Build | House |
| 32:39 | Build | House |
| 32:39 | Build | House |
Build order — indy
First 150 of 318 actions detected
| 0:02 | Create | Villager (Male) |
| 0:02 | Create | Villager (Male) |
| 0:02 | Create | Villager (Male) |
| 0:02 | Create | Villager (Male) |
| 0:04 | Build | House |
| 0:06 | Build | House |
| 0:08 | Build | House |
| 1:47 | Create | Villager (Male) |
| 2:32 | Create | Villager (Male) |
| 2:32 | Create | Villager (Male) |
| 3:05 | Build | Lumber Camp |
| 3:09 | Create | Villager (Male) |
| 3:09 | Create | Villager (Male) |
| 3:53 | Create | Villager (Male) |
| 3:53 | Create | Villager (Male) |
| 4:24 | Create | Villager (Male) |
| 4:24 | Create | Villager (Male) |
| 5:09 | Create | Villager (Male) |
| 5:10 | Create | Villager (Male) |
| 6:01 | Build | Mill |
| 6:11 | Create | Villager (Male) |
| 6:21 | Build | House |
| 7:05 | Create | Villager (Male) |
| 7:05 | Create | Villager (Male) |
| 9:50 | Research | Feudal Age |
| 10:12 | Create | Villager (Male) |
| 10:33 | Create | Villager (Male) |
| 10:33 | Create | Villager (Male) |
| 10:34 | Create | Villager (Male) |
| 11:11 | Build | Mining Camp |
| 12:00 | Age | Feudal Age |
| 12:05 | Research | Double-Bit Axe |
| 12:08 | Research | Horse Collar |
| 12:20 | Build | House |
| 12:45 | Create | Villager (Male) |
| 12:45 | Create | Villager (Male) |
| 12:58 | Build | Market |
| 13:22 | Build | Blacksmith |
| 14:07 | Build | Market |
| 14:16 | Build | Farm |
| 14:23 | Build | Farm |
| 14:23 | Build | Farm |
| 14:24 | Build | Farm |
| 14:25 | Build | Farm |
| 14:32 | Build | Farm |
| 14:37 | Build | Farm |
| 14:40 | Create | Villager (Male) |
| 15:00 | Build | House |
| 15:15 | Build | Farm |
| 15:45 | Build | Mining Camp |
| 15:54 | Research | Castle Age |
| 18:05 | Create | Villager (Male) |
| 18:05 | Create | Villager (Male) |
| 18:06 | Create | Villager (Male) |
| 18:34 | Age | Castle Age |
| 18:37 | Build | Town Center |
| 18:42 | Create | Villager (Male) |
| 18:45 | Research | Bow Saw |
| 18:47 | Research | Heavy Plow |
| 18:54 | Create | Trade Cart |
| 18:55 | Create | Trade Cart |
| 18:55 | Create | Trade Cart |
| 19:06 | Build | Farm |
| 19:42 | Research | Wheelbarrow |
| 19:55 | Create | Villager (Male) |
| 20:30 | Create | Villager (Male) |
| 20:31 | Create | Villager (Male) |
| 20:50 | Create | Villager (Male) |
| 20:59 | Create | Villager (Male) |
| 21:00 | Create | Villager (Male) |
| 21:09 | Build | House |
| 21:10 | Build | House |
| 21:12 | Build | House |
| 21:27 | Create | Villager (Male) |
| 21:37 | Build | House |
| 21:38 | Build | House |
| 21:39 | Build | House |
| 21:40 | Build | House |
| 21:40 | Build | House |
| 21:41 | Build | House |
| 21:53 | Research | Gold Mining |
| 22:06 | Build | Town Center |
| 22:11 | Create | Villager (Male) |
| 22:12 | Create | Villager (Male) |
| 22:23 | Build | Farm |
| 22:26 | Create | Villager (Male) |
| 22:36 | Build | Farm |
| 22:58 | Build | Castle |
| 23:34 | Build | Castle |
| 23:50 | Build | Farm |
| 23:57 | Research | Hand Cart |
| 24:03 | Build | Farm |
| 24:04 | Build | Farm |
| 24:04 | Build | Farm |
| 24:05 | Build | Farm |
| 24:05 | Build | Farm |
| 24:33 | Build | University |
| 24:40 | Create | Villager (Male) |
| 24:40 | Create | Villager (Male) |
| 24:44 | Create | Villager (Male) |
| 24:45 | Create | Villager (Male) |
| 24:48 | Create | Villager (Male) |
| 24:48 | Create | Villager (Male) |
| 24:48 | Create | Villager (Male) |
| 25:26 | Create | Unit 1959 |
| 25:27 | Create | Unit 1959 |
| 25:29 | Create | Unit 1959 |
| 25:29 | Create | Unit 1959 |
| 27:32 | Build | Mining Camp |
| 27:47 | Research | Imperial Age |
| 27:49 | Create | Villager (Male) |
| 27:53 | Create | Villager (Male) |
| 28:00 | Build | Farm |
| 28:00 | Build | Farm |
| 28:16 | Create | Unit 1959 |
| 28:16 | Create | Unit 1959 |
| 28:16 | Create | Unit 1959 |
| 29:07 | Build | Barracks |
| 29:15 | Research | Tech 1070 |
| 29:41 | Build | House |
| 29:42 | Build | House |
| 29:43 | Build | House |
| 29:44 | Build | House |
| 29:45 | Build | House |
| 29:46 | Build | House |
| 29:47 | Build | House |
| 29:48 | Build | House |
| 29:50 | Create | Villager (Male) |
| 29:51 | Create | Villager (Male) |
| 29:51 | Create | Villager (Male) |
| 29:51 | Create | Villager (Male) |
| 29:56 | Create | Villager (Male) |
| 29:56 | Create | Villager (Male) |
| 29:56 | Create | Villager (Male) |
| 30:09 | Build | Archery Range |
| 30:10 | Build | Archery Range |
| 30:16 | Create | Unit 1959 |
| 30:17 | Create | Unit 1959 |
| 30:17 | Create | Unit 1959 |
| 30:49 | Research | Crossbowman (upgrade) |
| 30:57 | Age | Imperial Age |
| 31:03 | Research | Conscription |
| 31:19 | Build | Castle |
| 31:42 | Research | Thumb Ring |
| 32:07 | Create | Unit 1959 |
| 32:07 | Create | Unit 1959 |
| 32:24 | Research | Caravan |
| 32:25 | Create | Trade Cart ×2 |
| 32:36 | Research | Two-Man Saw |
| 32:43 | Create | Villager (Male) |
Build order — #iNFANTES6#
First 150 of 435 actions detected
| 0:00 | Create | Villager (Male) |
| 0:01 | Create | Villager (Male) |
| 0:03 | Build | House |
| 0:04 | Build | House |
| 0:20 | Create | Villager (Male) |
| 0:21 | Create | Villager (Male) |
| 1:34 | Create | Villager (Male) |
| 1:48 | Build | Lumber Camp |
| 2:06 | Create | Villager (Male) |
| 2:10 | Create | Villager (Male) |
| 2:10 | Create | Villager (Male) |
| 2:53 | Create | Villager (Male) |
| 3:02 | Build | House |
| 3:03 | Build | House |
| 3:17 | Create | Villager (Male) |
| 3:45 | Create | Villager (Male) |
| 4:07 | Build | Mining Camp |
| 4:13 | Create | Villager (Male) |
| 4:36 | Create | Villager (Male) |
| 4:36 | Create | Villager (Male) |
| 4:37 | Create | Villager (Male) |
| 4:45 | Create | Villager (Male) |
| 5:46 | Build | Mill |
| 6:13 | Create | Villager (Male) |
| 6:13 | Create | Villager (Male) |
| 6:15 | Create | Villager (Male) |
| 6:30 | Create | Villager (Male) |
| 6:40 | Create | Villager (Male) |
| 6:45 | Create | Villager (Male) |
| 7:33 | Create | Villager (Male) |
| 8:46 | Research | Feudal Age |
| 9:09 | Build | House |
| 10:14 | Create | Villager (Male) |
| 10:36 | Build | Farm |
| 10:38 | Build | Farm |
| 10:41 | Build | Farm |
| 10:52 | Build | Farm |
| 10:56 | Age | Feudal Age |
| 10:56 | Build | Farm |
| 11:10 | Build | Market |
| 11:13 | Create | Villager (Male) |
| 11:20 | Build | Blacksmith |
| 11:23 | Build | House |
| 11:29 | Build | Farm |
| 11:31 | Create | Villager (Male) |
| 11:38 | Build | Farm |
| 11:47 | Create | Villager (Male) |
| 12:12 | Research | Loom |
| 12:49 | Research | Castle Age |
| 12:59 | Build | Mining Camp |
| 13:38 | Research | Double-Bit Axe |
| 13:43 | Research | Horse Collar |
| 13:57 | Research | Stone Mining |
| 15:04 | Build | Building 490 |
| 15:13 | Build | Stone Wall |
| 15:19 | Build | Stone Wall |
| 15:19 | Build | Stone Wall |
| 15:23 | Build | Building 490 |
| 15:27 | Build | Stone Wall |
| 15:29 | Age | Castle Age |
| 15:34 | Create | Villager (Male) |
| 15:47 | Build | Town Center |
| 15:52 | Create | Villager (Male) |
| 16:18 | Build | Town Center |
| 16:21 | Create | Villager (Male) |
| 16:25 | Create | Villager (Male) |
| 16:36 | Create | Villager (Male) |
| 16:40 | Create | Villager (Male) |
| 16:58 | Research | Wheelbarrow |
| 17:04 | Create | Villager (Male) |
| 17:06 | Research | Bow Saw |
| 17:17 | Build | Farm |
| 17:26 | Create | Villager (Male) |
| 17:28 | Create | Villager (Male) |
| 17:42 | Build | Farm |
| 17:44 | Create | Villager (Male) |
| 17:45 | Build | Farm |
| 18:05 | Build | Farm |
| 18:06 | Create | Villager (Male) |
| 18:13 | Build | Farm |
| 18:15 | Create | Villager (Male) |
| 18:30 | Create | Villager (Male) |
| 18:36 | Build | Farm |
| 18:41 | Build | Farm |
| 18:43 | Create | Villager (Male) |
| 18:51 | Create | Villager (Male) |
| 18:51 | Create | Villager (Male) |
| 18:51 | Create | Villager (Male) |
| 18:57 | Build | Farm |
| 18:59 | Create | Villager (Male) |
| 19:19 | Create | Villager (Male) |
| 19:21 | Build | Farm |
| 19:24 | Build | Farm |
| 19:25 | Create | Villager (Male) |
| 19:36 | Build | Outpost |
| 19:41 | Create | Villager (Male) |
| 19:43 | Create | Villager (Male) |
| 19:46 | Build | Farm |
| 19:48 | Create | Villager (Male) |
| 19:56 | Create | Villager (Male) |
| 20:00 | Create | Villager (Male) |
| 20:18 | Create | Villager (Male) |
| 20:23 | Build | Lumber Camp |
| 20:30 | Create | Villager (Male) |
| 20:32 | Create | Villager (Male) |
| 20:36 | Build | House |
| 20:38 | Build | House |
| 20:39 | Build | House |
| 20:41 | Build | House |
| 20:46 | Research | Town Watch |
| 21:26 | Build | Castle |
| 21:30 | Create | Villager (Male) |
| 21:32 | Create | Villager (Male) |
| 21:46 | Build | Lumber Camp |
| 21:48 | Create | Villager (Male) |
| 21:50 | Create | Villager (Male) |
| 22:00 | Research | Fletching |
| 22:01 | Create | Villager (Male) |
| 22:04 | Create | Villager (Male) |
| 22:06 | Create | Villager (Male) |
| 22:07 | Create | Villager (Male) |
| 22:15 | Build | Market |
| 22:19 | Build | Market |
| 22:26 | Create | Villager (Male) |
| 22:26 | Create | Villager (Male) |
| 22:36 | Create | Villager (Male) |
| 22:37 | Create | Villager (Male) |
| 22:41 | Build | Farm |
| 22:42 | Build | Farm |
| 22:53 | Build | Watch Tower |
| 23:33 | Create | Villager (Male) |
| 23:35 | Create | Villager (Male) |
| 23:36 | Create | Villager (Male) |
| 23:37 | Create | Villager (Male) |
| 23:37 | Create | Villager (Male) |
| 24:18 | Build | Watch Tower |
| 24:28 | Build | Lumber Camp |
| 24:29 | Create | Villager (Male) |
| 24:32 | Build | Farm |
| 24:33 | Build | Farm |
| 24:35 | Build | Farm |
| 24:38 | Research | Heavy Plow |
| 24:38 | Create | Villager (Male) |
| 24:40 | Research | Hand Cart |
| 24:42 | Create | Villager (Male) |
| 24:43 | Create | Villager (Male) |
| 24:49 | Create | Samurai |
| 24:49 | Create | Samurai |
| 24:50 | Create | Samurai |
| 24:55 | Create | Villager (Male) |
Match timeline
| 8:47 | Rodopoulakion · wall_segment Palisade Wall x13 |
| 9:29 | Rodopoulakion · wall_segment Palisade Wall x1 |
| 10:56 | #iNFANTES6# · age_up feudal |
| 10:57 | Margt56 · first_building Barracks |
| 11:06 | Margt56 · age_up feudal |
| 11:38 | Rodopoulakion · wall_segment Palisade Wall x2 |
| 12:00 | indy · age_up feudal |
| 12:52 | Rodopoulakion · age_up feudal |
| 14:54 | Rodopoulakion · first_building Barracks |
| 15:13 | #iNFANTES6# · wall_segment Stone Wall x1 |
| 15:19 | #iNFANTES6# · wall_segment Stone Wall x1 |
| 15:19 | #iNFANTES6# · wall_segment Stone Wall x1 |
| 15:27 | #iNFANTES6# · wall_segment Stone Wall x6 |
| 15:29 | #iNFANTES6# · age_up castle |
| 15:50 | Margt56 · first_market_buy 100 food |
| 18:34 | indy · age_up castle |
| 18:59 | Rodopoulakion · first_building Stable |
| 19:55 | Margt56 · age_up castle |
| 21:26 | #iNFANTES6# · first_building Castle |
| 21:41 | Rodopoulakion · wall_segment Stone Wall x9 |
| 22:11 | Rodopoulakion · wall_segment Stone Wall x3 |
| 22:58 | indy · first_building Castle |
| 23:47 | Rodopoulakion · age_up castle |
| 24:19 | Margt56 · first_building Monastery |
| 24:24 | Rodopoulakion · first_building Monastery |
| 25:58 | #iNFANTES6# · first_building Barracks |
| 26:33 | Rodopoulakion · wall_segment Stone Wall x12 |
| 26:51 | #iNFANTES6# · first_building Monastery |
| 27:43 | indy · first_market_sell 100 wood |
| 29:07 | indy · first_building Barracks |
| 29:50 | Rodopoulakion · wall_segment Stone Wall x1 |
| 30:09 | indy · first_building Archery Range |
| 30:43 | Margt56 · first_market_sell 100 wood |
| 30:54 | Margt56 · first_building Castle |
| 30:57 | indy · age_up imperial |
| 32:05 | Rodopoulakion · wall_segment Palisade Wall x15 |
| 32:32 | Margt56 · first_building Siege Workshop |
| 33:05 | Margt56 · age_up imperial |
| 33:12 | indy · first_building Siege Workshop |
| 33:43 | Rodopoulakion · wall_segment Stone Wall x17 |
| 34:21 | #iNFANTES6# · first_building Siege Workshop |
| 34:27 | #iNFANTES6# · first_building Archery Range |
| 37:28 | Rodopoulakion · age_up imperial |
| 40:49 | Rodopoulakion · first_market_sell 100 wood |
| 41:19 | #iNFANTES6# · age_up imperial |
| 43:49 | indy · first_building Stable |
| 45:42 | #iNFANTES6# · first_market_sell 500 food |
| 45:43 | #iNFANTES6# · first_market_buy 500 stone |
| 47:01 | Rodopoulakion · first_building Siege Workshop |
| 48:31 | Rodopoulakion · first_building Castle |
| 54:12 | Rodopoulakion · resign |
[ AI ANALYSIS · 1 CREDIT ]
What really happened in this match?
Wolo.gg analyzes every decision: build order, eco, micro, common mistakes by bracket. Personalized analysis on WhatsApp or Discord in 30 seconds.
Civ guide
Koreans
Perfil
Jugador #23866152